 Dungeon Crawl Stone Soup version 0.17-a0-1037-gbf358b4 (webtiles) character file.

56 RobertPalmer the Slasher (level 3, -1/34 HPs)
             Began as a Naga Chaos Knight on May 14, 2015.
             Killed from afar by Ijyb (7 damage)
             ... with a wand of flame
             ... on level 3 of the Dungeon.
             The game lasted 00:03:20 (1677 turns).

RobertPalmer the Slasher (Naga Chaos Knight)        Turns: 1677, Time: 00:03:20

Health: -1/34      AC:  5    Str: 15    XL:     3   Next: 97%
Magic:  3/3        EV:  9    Int: 12    God:    Xom [..*...]
Gold:   153        SH:  0    Dex: 10    Spells: 0 memorised, 2 levels left

rFire  . . .     SeeInvis +     a - +1 falchion (chaos)
rCold  . . .     Clarity  .     b - +2 leather armour
rNeg   . . .     SustAb   .     (no shield)
rPois  +         Gourm    .     (no helmet)
rElec  .         Spirit   .     (no cloak)
rCorr  .         Warding  .     j - +0 pair of gloves (curse)
rMut   .         Stasis   .     (no barding)
MR     .....                    (no amulet)
Stlth  +.........               (no ring)
                                (no ring)

@: very slow, not resistant to hostile enchantments, very unstealthy
A: see invisible, deformed body, poison resistance, slowness 2, slow metabolism
1, spit poison 2, AC +1
a: Spit Poison, Renounce Religion


You were on level 3 of the Dungeon.
You worshipped Xom.
You were a toy of Xom.
You were hungry.

You visited 1 branch of the dungeon, and saw 3 of its levels.

You collected 175 gold pieces.

Inventory:

Hand weapons
 a - a +1 falchion of chaos (weapon)
Missiles
 h - 26 poisoned needles
Armour
 b - a +2 leather armour (worn)
 j - a cursed +0 pair of gloves (worn)
   (You found it on level 1 of the Dungeon)
Scrolls
 i - a scroll of recharging
 k - a scroll of teleportation {unknown}
 m - a scroll of identify
Potions
 d - a potion of ambrosia {!q}
 o - a potion of cure mutation {unknown}
Miscellaneous
 p - a plain deck of wonders {drawn: 5}
   (You found it on level 2 of the Dungeon)
Comestibles
 c - 2 bread rations {@e1}
 g - a beef jerky
 l - a slice of pizza
 n - a royal jelly


   Skills:
 - Level 3.0 Fighting
 + Level 4.7 Long Blades
 - Level 1.5 Armour
 - Level 0.7 Dodging


You had 2 spell levels left.
You didn't know any spells.

Dungeon Overview and Level Annotations

Branches:
Dungeon (3/15)

Altars:
Elyvilon
Nemelex Xobeh

Annotations:
D:3 Ijyb


Innate Abilities, Weirdness & Mutations

You cannot wear boots.
Your serpentine skin is tough (AC +1).
You have supernaturally acute eyesight.
Armour fits poorly on your strangely shaped body.
Your system is resistant to poisons.
You cover ground very slowly.
You have a slow metabolism.
You can spit poison.


Message History

Unknown command.
Ijyb zaps a wand.
The puff of flame hits you!
* * * LOW HITPOINT WARNING * * *
Ijyb screams, "Level is mine!
All mine!"
You take 3 damage, and have 5/34 hp.
Unknown command.
Drink which item? (? for menu, Esc to quit)
It was a potion of ambrosia.
You are confused.
You feel invigorated. The giant newt bites you.
* * * LOW HITPOINT WARNING * * *
You regained 4 hp, and now have 9/34 hp.
Unknown command.
Unknown command.
Unknown command.
Drink which item? (? for menu, Esc to quit)
Okay, then.
The giant newt bites you but does no damage.
You regained 5 hp, and now have 14/34 hp.
You have got your breath back.
The giant newt closely misses you.
You regained 5 hp, and now have 19/34 hp.
The giant newt barely misses you.
You regained 6 hp, and now have 25/34 hp.
The giant newt bites you.
You regained 4 hp, and now have 29/34 hp.
Unknown command.
The giant newt bites you but does no damage.
Ijyb zaps a wand.
The puff of flame hits you!
Unknown command.
Unknown command.
Unknown command.
Unknown command.
You miss the giant newt.
The giant newt bites you but does no damage.
Ijyb hits you with a dagger.
You bump into the rock wall.
You feel less invigorated.
You feel less confused.
The giant newt bites you but does no damage.
Ijyb hits you but does no damage.
You regained 4 hp, and now have 33/34 hp.
Aim: Ijyb, wielding a dagger and carrying a wand of flame {zapped: 7} (lightly wounded)
The splash of poison hits Ijyb.
You feel slightly more hungry.
The giant newt bites you but does no damage.
Ijyb hits you with a dagger.
You take 3 damage, and have 30/34 hp.
You draw a card...
It is Focus.
The giant newt barely misses you. Ijyb hits you but does no damage.
You barely miss Ijyb. The giant newt bites you.
Ijyb zaps a wand.
The puff of flame hits you!
You take 7 damage, and have 23/34 hp.
MASSIVE DAMAGE!!
You closely miss Ijyb.
The giant newt bites you but does no damage.
Ijyb screams, "Me kill you!" Ijyb closely misses you.
The giant newt barely misses you.
Unknown command.
You draw a card...
It is the Mercenary.
You cannot afford Woiqub's fee of 342 gold!
Woiqub attacks!
Woiqub the merfolk comes into view. It is wielding a trident of freezing.
Ijyb hits you but does no damage.
The giant newt bites you but does no damage.
Unknown command.
Unknown command.
Unknown command.
Drink which item? (? for menu, Esc to quit)
Okay, then.
Read which item? (? for menu, Esc to quit)
As you read the scroll labeled WUECUCUFRO, it crumbles to dust.
It is a scroll of recharging.
You aren't carrying any rechargeable items.
You have got your breath back.
Ijyb hits you but does no damage.
Woiqub hits you from afar with a trident of freezing!
* * * LOW HITPOINT WARNING * * *
Woiqub freezes you.
* * * LOW HITPOINT WARNING * * *
The giant newt bites you.
* * * LOW HITPOINT WARNING * * *
Unknown command.
You take 18 damage, and have 6/34 hp.
MASSIVE DAMAGE!!
Unknown command.
Unknown command.
Unknown command.
Drink which item? (? for menu, Esc to quit)
Okay, then.
Read which item? (? for menu, Esc to quit)
As you read the scroll labeled FOEKAR RIOGAA, it crumbles to dust.
It is a scroll of enchant weapon.
Enchant which weapon? (? for menu, Esc to quit)
Your +0 falchion of chaos glows red for a moment.
Ijyb zaps a wand.
The puff of flame hits you!
You die...
Xom chortles!

#.................. ###
####...###..###..#.....
#...##..## ......
#...##.## ....# ######.#
#..... ..# ##.## #.....#
.....####...#####.......
................g......(
...######...)..@l.......
#####....#..##.[....#
#...<......m.#.......
#....###.#..............
#.. #.#####.......... #
#.# ..#.#.....# ..#
###.#...... ... .##...b#
###


You could see Woiqub the merfolk, Ijyb and a giant newt.

Vanquished Creatures
  An adder (D:2)
  2 worms (D:2)
  2 giant geckos
  A ball python (D:3)
  5 bats
  A giant cockroach (D:1)
  7 goblins
  5 hobgoblins
  5 kobolds
  3 giant newts
  5 rats (D:2)
37 creatures vanquished.

Notes
Turn   | Place    | Note
--------------------------------------------------------------
     0 | D:1      | RobertPalmer the Naga Chaos Knight began the quest for the Orb.
     0 | D:1      | Reached XP level 1. HP: 21/21 MP: 1/1
    10 | D:1      | XOM: harmless Erth miscast
    37 | D:1      | XOM: potion effect (berserk rage)
   211 | D:1      | XOM: harmless Hex miscast
   221 | D:1      | Reached XP level 2. HP: 17/28 MP: 2/2
   304 | D:1      | XOM: colour smoke trail
   810 | D:2      | XOM: harmless Pois miscast
   814 | D:2      | Reached skill level 4 in Long Blades
   818 | D:2      | Reached XP level 3. HP: 25/34 MP: 3/3
   848 | D:2      | Found a sparkling altar of Nemelex Xobeh.
  1105 | D:2      | HP: 3/34 [adder (6)]
  1546 | D:2      | Found a white marble altar of Elyvilon.
  1657 | D:3      | Noticed Ijyb
  1660 | D:3      | HP: 6/34 [Ijyb/wand of flame (9)]
  1672 | D:3      | Drew Focus: Str increased to 15, Dex decreased to 10
  1675 | D:3      | Noticed Woiqub
  1676 | D:3      | HP: 8/34 [Woiqub the merfolk/trident of freezing[the player character] (16)]
  1677 | D:3      | Killed from afar by Ijyb

Vault maps used:
D:1:      dpeg_arrival_shrine
D:2:      elyvilon_altar_3, first_bread, st_stairs_2, nemelex_deck
D:3:      uniq_iyjb

Action                   || total
-------------------------++-------
Melee: Falchion          ||   109
 Abil: Spit Poison       ||     6
Evoke: Deck              ||     5
  Use: Scroll            ||     5
       Potion            ||     2
  Eat: Chunk             ||     2

Vault maps used:
D:1:      dpeg_arrival_shrine
D:2:      elyvilon_altar_3, first_bread, st_stairs_2, nemelex_deck
D:3:      uniq_iyjb

Table legend:
 A = Turns spent in this place as a percentage of turns spent in the entire game.
 B = Non-inter-level travel turns spent in this place as a percentage of non-inter-level travel turns spent in the entire game.
 C = Inter-level travel turns spent in this place as a percentage of turns spent in this place.
 D = Turns resting spent in this place as a percentage of non-inter-level travel turns spent in this place.
 E = Turns spent auto-exploring this place as a percentage of non-inter-level travel turns spent in this place.
 F = Non-inter-level travel turns spent in this place divided by the number of levels of this place that you've seen.
                   A       B       C       D       E      F
               +-------+-------+-------+-------+-------+----------------------
         Total | 100.0 | 100.0 |   0.6 |   1.0 |  11.9 | 162.0
       Dungeon | 100.0 | 100.0 |   0.6 |   1.0 |  11.9 | 162.0
               +-------+-------+-------+-------+-------+----------------------

Table legend:
 A = Kills in this place as a percentage of kills in entire the game.
 B = Kills by you in this place as a percentage of kills by you in the entire game.
 C = Kills by friends in this place as a percentage of kills by friends in the entire game.
 D = Other kills in this place as a percentage of other kills in the entire game.
 E = Experience gained in this place as a percentage of experience gained in the entire game.
 F = Experience gained in this place divided by the number of levels of this place that you have seen.
                   A       B       C       D       E      F
               +-------+-------+-------+-------+-------+----------------------
         Total | 100.0 | 100.0 |  -nan |  -nan | 100.0 |  27.0
       Dungeon | 100.0 | 100.0 |  -nan |  -nan | 100.0 |  27.0
               +-------+-------+-------+-------+-------+----------------------
